TOP OF THE 1ST |
Bowling Green Hot Rods batting - Pitching for Lexington Legends : LHP Brett Reed
|
Pitching: LHP Brett Reed
|
|
Batting: LHB Sean Banks
|
0-0: Called Strike 0-1: Foul Ball, location: 2F 0-2: SINGLE (Groundball, 34S, EV 94.4 MPH)
|
Batting: RHB Dermott Kennelly
|
0-0: Ball 1-0: Ball 2-0: Ball Passed Ball! Sean Banks to second 3-0: Called Strike 3-1: Foul Ball, location: 2F 3-2: Foul Ball, location: 2F 3-2: Base on Balls
|
Batting: SHB Luis Verduzco
|
0-0: Ball 1-0: Foul Ball, location: 2F 1-1: Called Strike 1-2: Reached on error, E6 (Groundball, 6, EV 78.8 MPH) Sean Banks to third Dermott Kennelly to second
|
Batting: RHB Tim Dower
|
0-0: Ball 1-0: Foul Ball, location: 2F 1-1: Ball 2-1: Foul Ball, location: 2F 2-2: Foul Ball, location: 2F 2-2: SINGLE (Line Drive, 9S, EV 90.0 MPH) Sean Banks scores Dermott Kennelly to third Luis Verduzco to second Runner from 3rd tries for Home, throw by RF and OUT! 9-2 Luis Verduzco to third Tim Dower to second
|
Batting: LHB Rocky Crowley
|
0-0: Ball 1-0: Ball 2-0: Called Strike 2-1: SINGLE (Groundball, 3S, EV 73.8 MPH) (infield hit) Luis Verduzco scores Tim Dower to third
|
Batting: RHB Eric Waugaman
|
0-0: Ball 1-0: SINGLE (Groundball, 56S, EV 67.5 MPH) (infield hit) Tim Dower scores Rocky Crowley to second
|
Batting: RHB Dave Valdez
|
0-0: Called Strike 0-1: Foul Ball, location: 2F 0-2: Strikes out swinging
|
Batting: LHB Angel Ruvalcaba
|
0-0: SINGLE (Groundball, 3S, EV 64.4 MPH) (infield hit) Rocky Crowley to third Eric Waugaman to second
|
Batting: RHB Bogumil Filipowski
|
0-0: Called Strike 0-1: Ball 1-1: Called Strike 1-2: Foul Ball, location: 2F 1-2: Strikes out swinging
|
Top of the 1st over - 3 runs, 5 hits, 1 error, 3 left on base; Bowling Green 3 - Lexington 0 |
BOTTOM OF THE 1ST |
Lexington Legends batting - Pitching for Bowling Green Hot Rods : RHP Ryan Van Riper
|
Pitching: RHP Ryan Van Riper
|
|
Batting: LHB Efrem Isaev
|
0-0: Ball 1-0: Foul Ball, location: 2F 1-1: Ball 2-1: Swinging Strike 2-2: Foul Ball, location: 2F 2-2: Ball 3-2: Foul Ball, location: 2F 3-2: Base on Balls
|
Batting: RHB Jonas Fernandez
|
0-0: Swinging Strike 0-1: Called Strike 0-2: Ball 1-2: Ball 2-2: Grounds into double play, 6-4-3 (Groundball, 56, EV 105.0 MPH)
|
Batting: RHB Chang-keun Baik
|
0-0: Swinging Strike 0-1: Called Strike 0-2: Strikes out looking
|
Bottom of the 1st over - 0 runs, 0 hits, 0 errors, 0 left on base; Bowling Green 3 - Lexington 0 |
TOP OF THE 2ND |
Bowling Green Hot Rods batting - Pitching for Lexington Legends : LHP Brett Reed
|
Batting: LHB Sean Banks
|
0-0: Called Strike 0-1: Ground out U3 (Groundball, 3, EV 84.4 MPH)
|
Batting: RHB Dermott Kennelly
|
0-0: Ball 1-0: Called Strike 1-1: Ball 2-1: Called Strike 2-2: Ball 3-2: Base on Balls
|
Batting: SHB Luis Verduzco
|
0-0: Ball 1-0: SINGLE (Line Drive, 4MD, EV 96.9 MPH) Dermott Kennelly to second Runner from 2nd tries for 3rd, SAFE, throw by CF made to third
|
Batting: RHB Tim Dower
|
0-0: Ball 1-0: Called Strike 1-1: Swinging Strike 1-2: Strikes out swinging
|
Batting: LHB Rocky Crowley
|
0-0: SINGLE (Groundball, 34D, EV 105.0 MPH) Dermott Kennelly scores Luis Verduzco to second Runner from 2nd tries for 3rd, SAFE, throw by RF made to third
|
Batting: RHB Eric Waugaman
|
0-0: Ball 1-0: Ball 2-0: Ground out 4-3 (Groundball, 13, EV 90.0 MPH)
|
Top of the 2nd over - 1 run, 2 hits, 0 errors, 2 left on base; Bowling Green 4 - Lexington 0 |
BOTTOM OF THE 2ND |
Lexington Legends batting - Pitching for Bowling Green Hot Rods : RHP Ryan Van Riper
|
Batting: LHB Vicente Hernandez
|
0-0: Called Strike 0-1: Ground out 5-3 (Groundball, 56S, EV 90.0 MPH)
|
Batting: LHB Shohei Nishi
|
0-0: Ball 1-0: Foul Ball, location: 2F 1-1: Called Strike 1-2: Ball 2-2: Ground out 4-3 (Groundball, 4, EV 103.1 MPH)
|
Batting: RHB David Rubio
|
0-0: Fly out, F8 (Line Drive, 8RD, EV 101.9 MPH)
|
Bottom of the 2nd over - 0 runs, 0 hits, 0 errors, 0 left on base; Bowling Green 4 - Lexington 0 |
TOP OF THE 3RD |
Bowling Green Hot Rods batting - Pitching for Lexington Legends : LHP Brett Reed
|
Batting: RHB Dave Valdez
|
0-0: Reached via error on a dropped throw from SS, E3 (Groundball, 6, EV 93.8 MPH)
|
Batting: LHB Angel Ruvalcaba
|
0-0: Ball 1-0: SINGLE (Groundball, 34S, EV 94.4 MPH) Dave Valdez to second Runner from 2nd tries for 3rd, SAFE, throw by RF made to third
|
Batting: RHB Bogumil Filipowski
|
0-0: Called Strike 0-1: Ball 1-1: Ball 2-1: Called Strike 2-2: Ball 3-2: Base on Balls Angel Ruvalcaba to second
|
Batting: LHB Sean Banks
|
0-0: Ball 1-0: Fly out, F8 (Flyball, 8RD, EV 95.0 MPH) Runner from 3rd tags up, OUT at HOME! 8-2 Angel Ruvalcaba to third Bogumil Filipowski to second
|
Batting: RHB Dermott Kennelly
|
0-0: Ball 1-0: Called Strike 1-1: Ball 2-1: Ball 3-1: Foul Ball, location: 2F 3-2: Foul Ball, location: 2F 3-2: Foul Ball, location: 2F 3-2: Base on Balls
|
Batting: SHB Luis Verduzco
|
0-0: Called Strike 0-1: Ball 1-1: Fly out, F8 (Flyball, 8LD, EV 92.5 MPH)
|
Top of the 3rd over - 0 runs, 1 hit, 1 error, 3 left on base; Bowling Green 4 - Lexington 0 |
BOTTOM OF THE 3RD |
Lexington Legends batting - Pitching for Bowling Green Hot Rods : RHP Ryan Van Riper
|
Batting: LHB Josh Dalton
|
0-0: Ball 1-0: Ball 2-0: Called Strike 2-1: Swinging Strike 2-2: Foul Ball, location: 2F 2-2: Strikes out swinging
|
Batting: RHB Ian Hornsby
|
0-0: Called Strike 0-1: Swinging Strike 0-2: Ball 1-2: Strikes out looking
|
Batting: RHB Adam Krieger
|
0-0: Ball 1-0: Ball 2-0: Ball 3-0: Called Strike 3-1: Called Strike 3-2: Base on Balls
|
Batting: LHB Efrem Isaev
|
0-0: Called Strike 0-1: Ball 1-1: Ball 2-1: Foul Ball, location: 2F 2-2: Fly out, F7 (Flyball, 7LMF, EV 90.6 MPH)
|
Bottom of the 3rd over - 0 runs, 0 hits, 0 errors, 1 left on base; Bowling Green 4 - Lexington 0 |
TOP OF THE 4TH |
Bowling Green Hot Rods batting - Pitching for Lexington Legends : LHP Brett Reed
|
Batting: RHB Tim Dower
|
0-0: Swinging Strike 0-1: Ball 1-1: Ball 2-1: Ball 3-1: Called Strike 3-2: Foul Ball, location: 2F 3-2: Base on Balls
|
Batting: LHB Rocky Crowley
|
0-0: Called Strike 0-1: Ball 1-1: Ball 2-1: Called Strike 2-2: SINGLE (Groundball, 34D, EV 98.8 MPH) (infield hit) Tim Dower to second
|
Batting: RHB Eric Waugaman
|
0-0: SINGLE (Line Drive, 8LS, EV 113.8 MPH) Tim Dower to third Rocky Crowley to second
|
Batting: RHB Dave Valdez
|
0-0: Ball 1-0: Foul Ball, location: 2F 1-1: Fly out, F9 (Flyball, 9, EV 90.0 MPH)
|
Pitching: RHP Mike Galvin
|
|
Batting: LHB Angel Ruvalcaba
|
0-0: Ball Wild Pitch! Tim Dower scores Rocky Crowley to third Eric Waugaman to second 1-0: Fly out, F9 (Flyball, 9LM, EV 80.6 MPH)
|
Batting: RHB Bogumil Filipowski
|
0-0: Swinging Strike 0-1: Ball 1-1: Foul Ball, location: 2F 1-2: Strikes out swinging
|
Top of the 4th over - 1 run, 2 hits, 0 errors, 2 left on base; Bowling Green 5 - Lexington 0 |
BOTTOM OF THE 4TH |
Lexington Legends batting - Pitching for Bowling Green Hot Rods : RHP Ryan Van Riper
|
Batting: RHB Jonas Fernandez
|
0-0: Called Strike 0-1: Ball 1-1: Swinging Strike 1-2: Strikes out swinging
|
Batting: RHB Chang-keun Baik
|
0-0: Hit by Pitch
|
Batting: LHB Vicente Hernandez
|
0-0: Called Strike 0-1: Ball 1-1: Called Strike 1-2: Foul Ball, location: 2F 1-2: Ball 2-2: Foul Ball, location: 2F 2-2: Foul Ball, location: 2F 2-2: SINGLE (Line Drive, 3D, EV 99.4 MPH) Chang-keun Baik to second
|
Batting: LHB Shohei Nishi
|
0-0: Ball 1-0: Fly out, F9 (Line Drive, 9S, EV 94.4 MPH)
|
Batting: RHB David Rubio
|
0-0: Called Strike 0-1: Ball 1-1: Fly out, F8 (Flyball, 78M, EV 91.9 MPH)
|
Bottom of the 4th over - 0 runs, 1 hit, 0 errors, 2 left on base; Bowling Green 5 - Lexington 0 |
TOP OF THE 5TH |
Bowling Green Hot Rods batting - Pitching for Lexington Legends : RHP Mike Galvin
|
Batting: LHB Sean Banks
|
0-0: Ball 1-0: SOLO HOME RUN (Flyball, 9D, EV 98.8 MPH), Distance : 372 ft
|
Batting: RHB Dermott Kennelly
|
0-0: Called Strike 0-1: Ball 1-1: Foul Ball, location: 2F 1-2: Foul Ball, location: 2F 1-2: Foul Ball, location: 2F 1-2: Ball 2-2: Foul Ball, location: 2F 2-2: Ball 3-2: Foul Ball, location: 2F 3-2: Foul Ball, location: 2F 3-2: Foul Ball, location: 2F 3-2: Foul Ball, location: 2F 3-2: Base on Balls
|
Batting: SHB Luis Verduzco
|
0-0: Ball 1-0: Called Strike Dermott Kennelly is caught stealing 2nd base 2-6 1-1: SOLO HOME RUN (Flyball, 9D, EV 93.8 MPH), Distance : 364 ft
|
Batting: RHB Tim Dower
|
0-0: Ball 1-0: Ball 2-0: Ball 3-0: Base on Balls
|
Batting: LHB Rocky Crowley
|
0-0: Called Strike 0-1: Called Strike 0-2: Strikes out swinging
|
Batting: RHB Eric Waugaman
|
0-0: Ball 1-0: Ball 2-0: Foul Ball, location: 2F 2-1: Ball 3-1: Base on Balls Tim Dower to second
|
Batting: RHB Dave Valdez
|
0-0: Called Strike 0-1: Ball 1-1: Ball 2-1: Ball 3-1: Called Strike 3-2: Foul Ball, location: 2F 3-2: TRIPLE (Line Drive, 7D, EV 106.2 MPH) Tim Dower scores Eric Waugaman scores
|
Pitching: RHP Brian Hunt
|
|
Batting: LHB Angel Ruvalcaba
|
0-0: Ground out 4-3 (Groundball, 4, EV 108.8 MPH)
|
Top of the 5th over - 4 runs, 3 hits, 0 errors, 1 left on base; Bowling Green 9 - Lexington 0 |
BOTTOM OF THE 5TH |
Lexington Legends batting - Pitching for Bowling Green Hot Rods : RHP Ryan Van Riper
|
Batting: LHB Josh Dalton
|
0-0: Ball 1-0: Called Strike 1-1: Called Strike 1-2: Ball 2-2: Ground out 4-3 (Groundball, 4MD, EV 87.5 MPH)
|
Batting: RHB Ian Hornsby
|
0-0: Called Strike 0-1: Fly out, F8 (Flyball, 89M, EV 86.2 MPH)
|
Batting: RHB Adam Krieger
|
0-0: Foul Ball, location: 2F 0-1: Swinging Strike 0-2: Foul Ball, location: 2F 0-2: Strikes out swinging
|
Bottom of the 5th over - 0 runs, 0 hits, 0 errors, 0 left on base; Bowling Green 9 - Lexington 0 |
TOP OF THE 6TH |
Bowling Green Hot Rods batting - Pitching for Lexington Legends : RHP Brian Hunt
|
Batting: RHB Bogumil Filipowski
|
0-0: Ball 1-0: Foul Ball, location: 2F 1-1: Ball 2-1: Foul Ball, location: 2F 2-2: Ball 3-2: Strikes out swinging
|
Batting: LHB Sean Banks
|
0-0: Ball 1-0: Foul Ball, location: 2F 1-1: Ball 2-1: Ball 3-1: Foul Ball, location: 2F 3-2: Base on Balls
|
Batting: RHB Dermott Kennelly
|
0-0: Called Strike 0-1: Foul Ball, location: 2F 0-2: Ball 1-2: Foul Ball, location: 2F 1-2: Foul Ball, location: 2F 1-2: Fielders Choice at 2nd, 5-4 (Groundball, 25, EV 86.9 MPH)
|
Batting: SHB Luis Verduzco
|
0-0: Foul Ball, location: 2F 0-1: Ball 1-1: Foul Ball, location: 2F 1-2: Foul Ball, location: 2F 1-2: Ball 2-2: Strikes out swinging
|
Top of the 6th over - 0 runs, 0 hits, 0 errors, 1 left on base; Bowling Green 9 - Lexington 0 |
BOTTOM OF THE 6TH |
Lexington Legends batting - Pitching for Bowling Green Hot Rods : RHP Ryan Van Riper
|
Batting: LHB Efrem Isaev
|
0-0: Ball 1-0: Called Strike 1-1: Ball 2-1: Ball 3-1: Foul Ball, location: 2F 3-2: SINGLE (Line Drive, 34D, EV 95.6 MPH)
|
Batting: RHB Jonas Fernandez
|
0-0: Called Strike Efrem Isaev steals 2nd base 0-1: Ground out 5-3 (Groundball, 56, EV 83.1 MPH)
|
Batting: RHB Chang-keun Baik
|
0-0: Ball 1-0: Swinging Strike 1-1: Ball Efrem Isaev steals 3rd, throwing error, E2 Efrem Isaev scores 2-1: Foul Ball, location: 2F 2-2: Strikes out swinging
|
Batting: LHB Vicente Hernandez
|
0-0: Ball 1-0: Ball 2-0: Called Strike 2-1: Foul Ball, location: 2F 2-2: SINGLE (Groundball, 4MD, EV 109.4 MPH)
|
Batting: LHB Shohei Nishi
|
0-0: Ball 1-0: SINGLE (Groundball, 34D, EV 107.5 MPH) Vicente Hernandez to second Runner from 2nd tries for 3rd, SAFE, throw by RF made to third
|
Batting: RHB David Rubio
|
0-0: Called Strike 0-1: Swinging Strike 0-2: Fly out, F7 (Flyball, 7, EV 80.6 MPH)
|
Bottom of the 6th over - 1 run, 3 hits, 1 error, 2 left on base; Bowling Green 9 - Lexington 1 |
TOP OF THE 7TH |
Bowling Green Hot Rods batting - Pitching for Lexington Legends : RHP Brian Hunt
|
Pinch Hitting: LHB Eduardo Lopez
|
0-0: SINGLE (Groundball, 25, EV 67.5 MPH) (infield hit)
|
Batting: LHB Rocky Crowley
|
Balk! Eduardo Lopez to second 0-0: Called Strike 0-1: Ground out 4-3 (Groundball, 34D, EV 87.5 MPH) Eduardo Lopez to third
|
Pinch Hitting: RHB Jesus Carrillo
|
0-0: Called Strike 0-1: Called Strike 0-2: Strikes out swinging
|
Batting: RHB Dave Valdez
|
0-0: Ball 1-0: Swinging Strike 1-1: SINGLE (Groundball, 5D, EV 100.0 MPH) Eduardo Lopez scores
|
Batting: LHB Angel Ruvalcaba
|
0-0: Reached on error, E4 (Groundball, 4, EV 90.0 MPH) Dave Valdez to second
|
Batting: RHB Bogumil Filipowski
|
0-0: Foul Ball, location: 2F 0-1: Fly out, F6 (Line Drive, 6M, EV 63.8 MPH)
|
Top of the 7th over - 1 run, 2 hits, 1 error, 2 left on base; Bowling Green 10 - Lexington 1 |
BOTTOM OF THE 7TH |
Lexington Legends batting - Pitching for Bowling Green Hot Rods : RHP Ryan Van Riper
|
Now at SS: Jesus Carrillo
|
|
Now in LF: Luis Verduzco
|
|
Now in RF: Eduardo Lopez
|
|
Batting: LHB Josh Dalton
|
0-0: Foul Ball, location: 2F 0-1: Foul Ball, location: 2F 0-2: Ball 1-2: Strikes out swinging
|
Pitching: RHP Andres Morales
|
|
Batting: RHB Ian Hornsby
|
0-0: Ball 1-0: Swinging Strike 1-1: Ball 2-1: Called Strike 2-2: Fly out, F7 (Flyball, 7, EV 79.4 MPH)
|
Batting: RHB Adam Krieger
|
0-0: Ball 1-0: Ball 2-0: Ball 3-0: Called Strike 3-1: Fly out, F7 (Line Drive, 78M, EV 97.5 MPH)
|
Bottom of the 7th over - 0 runs, 0 hits, 0 errors, 0 left on base; Bowling Green 10 - Lexington 1 |
TOP OF THE 8TH |
Bowling Green Hot Rods batting - Pitching for Lexington Legends : RHP Brian Hunt
|
Pitching: RHP Oscar Cisneros
|
|
Batting: LHB Sean Banks
|
0-0: Ball 1-0: SINGLE (Groundball, 34D, EV 108.8 MPH)
|
Batting: RHB Dermott Kennelly
|
0-0: Fly out, F7 (Flyball, 78M, EV 85.0 MPH)
|
Batting: SHB Luis Verduzco
|
0-0: Ball 1-0: Called Strike 1-1: SINGLE (Groundball, 25, EV 71.2 MPH) (infield hit) Sean Banks to second
|
Batting: LHB Eduardo Lopez
|
0-0: Called Strike 0-1: Foul Ball, location: 2F 0-2: Ball 1-2: Ball 2-2: Ball 3-2: Strikes out looking
|
Batting: LHB Rocky Crowley
|
0-0: Ball 1-0: Swinging Strike 1-1: Swinging Strike 1-2: Ball 2-2: Foul Ball, location: 2F 2-2: Strikes out swinging
|
Top of the 8th over - 0 runs, 2 hits, 0 errors, 2 left on base; Bowling Green 10 - Lexington 1 |
BOTTOM OF THE 8TH |
Lexington Legends batting - Pitching for Bowling Green Hot Rods : RHP Andres Morales
|
Pinch Hitting: RHB Trevor Kingston
|
0-0: Ball 1-0: Ball 2-0: Foul Ball, location: 2F 2-1: Called Strike 2-2: Strikes out swinging
|
Batting: RHB Jonas Fernandez
|
0-0: Ball 1-0: Foul Ball, location: 2F 1-1: Ball 2-1: Foul Ball, location: 2F 2-2: Foul Ball, location: 2F 2-2: Ball 3-2: Ground out 4-3 (Groundball, 4, EV 76.9 MPH)
|
Batting: RHB Chang-keun Baik
|
0-0: Foul Ball, location: 2F 0-1: Ball 1-1: Foul Ball, location: 2F 1-2: Ball 2-2: Ball 3-2: Strikes out swinging
|
Bottom of the 8th over - 0 runs, 0 hits, 0 errors, 0 left on base; Bowling Green 10 - Lexington 1 |
TOP OF THE 9TH |
Bowling Green Hot Rods batting - Pitching for Lexington Legends : RHP Oscar Cisneros
|
Pitching: RHP Ryan Crump
|
|
Now in CF: Trevor Kingston
|
|
Batting: RHB Jesus Carrillo
|
0-0: Ball 1-0: Ground out 4-3 (Groundball, 4, EV 79.4 MPH)
|
Batting: RHB Dave Valdez
|
0-0: Foul Ball, location: 2F 0-1: Foul Ball, location: 2F 0-2: Strikes out swinging
|
Batting: LHB Angel Ruvalcaba
|
0-0: Foul Ball, location: 2F 0-1: Swinging Strike 0-2: Foul Ball, location: 2F 0-2: DOUBLE (Line Drive, 89M, EV 104.4 MPH)
|
Batting: RHB Bogumil Filipowski
|
0-0: Ball 1-0: Swinging Strike 1-1: Ball 2-1: Ball 3-1: Called Strike 3-2: Strikes out looking
|
Top of the 9th over - 0 runs, 1 hit, 0 errors, 1 left on base; Bowling Green 10 - Lexington 1 |
BOTTOM OF THE 9TH |
Lexington Legends batting - Pitching for Bowling Green Hot Rods : RHP Andres Morales
|
Pinch Hitting: SHB Adrian Orosco
|
0-0: Fly out, F8 (Flyball, 8LD, EV 105.0 MPH)
|
Batting: LHB Shohei Nishi
|
0-0: Ball 1-0: Called Strike 1-1: Swinging Strike 1-2: Fly out, F8 (Line Drive, 8RD, EV 91.9 MPH)
|
Batting: RHB David Rubio
|
0-0: Called Strike 0-1: Fly out, F7 (Flyball, 78M, EV 85.6 MPH)
|
Bottom of the 9th over - 0 runs, 0 hits, 0 errors, 0 left on base; Bowling Green 10 - Lexington 1 |
|